 Dungeon Crawl Stone Soup version 0.26-a0-660-gc07710193c (webtiles) character file.

Game seed: 2625114609846926460

22 jestyr24 the Conjurer (level 2, -1/20 HPs)
             Began as a Draconian Conjurer on Oct 7, 2020.
             Slain by a worm (6 damage)
             ... on level 2 of the Dungeon.
             The game lasted 00:03:54 (1227 turns).

jestyr24 the Conjurer (Draconian Conjurer)          Turns: 1227, Time: 00:03:56

Health: -1/20      AC:  4    Str:  9    XL:     2   Next: 68%
Magic:  1/5        EV: 12    Int: 18    God:
Gold:   14         SH:  0    Dex:  9    Spells: 4/5 levels left

rFire    . . .     SeeInvis .   f - +0 short sword
rCold    . . .     Faith    .   (no shield)
rNeg     + . .     Spirit   .   (armour unavailable)
rPois    .         Reflect  .   (helmet restricted)
rElec    .         Harm     .   (no cloak)
rCorr    .         Rampage  .   (no gloves)
MR       +....                  (no boots)
Stlth    ++........             (no amulet)
HPRegen  0.06/turn              b - ring of positive energy
MPRegen  0.09/turn              e - ring of protection from magic

@: no status effects
A: unfitting armour, cold-blooded, AC +4
a: no special abilities


You were on level 2 of the Dungeon.
You visited 1 branch of the dungeon, and saw 2 of its levels.

You collected 14 gold pieces.

Inventory:

Hand Weapons
 f - a +0 short sword (weapon)
Missiles
 a - 49 stones (quivered)
Armour
 c - a +0 kite shield
Jewellery
 b - a ring of positive energy (left hand)
 e - a ring of protection from magic (right hand)
Scrolls
 i - a scroll of teleportation {unknown}
 k - a scroll of remove curse {unknown}
Potions
 d - a potion of ambrosia {unknown}
 g - 2 potions of flight {unknown}
 h - 2 potions of curing {unknown}
 j - a potion of degeneration {unknown}
 l - a potion of mutation {unknown}


   Skills:
 + Level 0.2 Short Blades
 * Level 1.8 Dodging
 * Level 1.8 Stealth
 * Level 0.2 Shields
 * Level 2.1 Spellcasting
 * Level 4.6 Conjurations


You had 4 spell levels left.
You knew the following spells:

 Your Spells              Type           Power        Failure   Level
a - Magic Dart            Conj           ###.         2%          1

Your spell library contained the following spells:

 Spells                   Type           Power        Failure   Level
 Searing Ray              Conj           ###...       4%          2
 Dazzling Flash           Conj/Hex       ##....       21%         3
 Fulminant Prism          Conj/Hex       ##........   56%         4
 Iskenderun's Mystic Bla  Conj/Tloc      ##......     56%         4


Dungeon Overview and Level Annotations

Branches:
Dungeon (2/15)

Altars:


Innate Abilities, Weirdness & Mutations

Your plain brown scales are hard. (AC +4)
You cannot fit into any form of body armour.
You are cold-blooded and may be slowed by cold attacks.


Message History

Aim: a worm (lightly wounded)
The magic dart hits the worm.
The worm is heavily wounded.
Casting: Magic Dart (safe; 2% risk of failure)
Confirm with . or Enter, or press ? or * to list all spells.
Aiming: Magic Dart (safe; 2% risk of failure)
Press: ? - help, Shift-Dir - straight line, f/p - worm
Aim: a worm (heavily wounded)
The magic dart hits the worm.
The worm is heavily wounded.
The worm barely misses you.
Casting: Magic Dart (safe; 2% risk of failure)
Confirm with . or Enter, or press ? or * to list all spells.
Aiming: Magic Dart (safe; 2% risk of failure)
Press: ? - help, Shift-Dir - straight line, f/p - worm
Aim: a worm (heavily wounded)
The magic dart hits the worm.
The worm is heavily wounded.
The worm bites you.
You die...

. .......
..######....###.
................
......<.........
....[.†.!.......
..####.#....###.
# #.#........
...####w......###
.......@#.....#
.#.###..#.....#
#...........
#..#.##..###
....#.#..# .....
......
#.###.#.#.##. ..
#. ... ... . .#


You could see a worm.

Vanquished Creatures
  2 ball pythons
  2 giant cockroaches (D:1)
  A goblin (D:1)
  A hobgoblin (D:1)
  2 jackals (D:1)
  7 kobolds (D:1)
  3 bats (D:1)
  A frilled lizard (D:1)
  2 rats
21 creatures vanquished.

Notes
Turn   | Place    | Note
-------+----------+-------------------------------------------
     0 | D:1      | jestyr24 the Draconian Conjurer began the quest for the
                  | Orb.
     0 | D:1      | Reached XP level 1. HP: 14/14 MP: 3/3
     2 | D:1      | Noticed a formicid
     2 | D:1      | Noticed a ghoul
     4 | D:1      | Noticed a minotaur
     4 | D:1      | Noticed a spriggan
     6 | D:1      | Noticed a troll
     6 | D:1      | Noticed a demonspawn
     8 | D:1      | Noticed a halfling
    10 | D:1      | Noticed an ogre
    10 | D:1      | Noticed a felid
    12 | D:1      | Noticed a naga
    12 | D:1      | Noticed a gargoyle
    14 | D:1      | Noticed a human
    16 | D:1      | Noticed an elf
    18 | D:1      | Noticed a tengu
    18 | D:1      | Noticed a merfolk
    20 | D:1      | Noticed a centaur
    20 | D:1      | Noticed an octopode
    22 | D:1      | Noticed a draconian
    22 | D:1      | Noticed a dwarf
    24 | D:1      | Noticed a vampire
    24 | D:1      | Noticed a vine stalker
    26 | D:1      | Noticed a demigod
   381 | D:1      | Reached XP level 2. HP: 20/20 MP: 1/5
  1227 | D:2      | Slain by a worm

Illustrated notes

Levels and vault maps discovered:
D:1:      kb_arrival_jail, layout_basic
D:2:      layout_loops_cross, minmay_bisected

Action                   || total
-------------------------++-------
Melee: Short sword       ||    21
       Tailslap          ||     1
 Cast: Magic Dart        ||    38
Armor: Skin              ||     8
Dodge: Dodged            ||    22

Table legend: (Time is in decaauts)
 A = Elapsed time spent in this place.
 B = Non-inter-level travel time spent in this place.
 C = Inter-level travel time spent in this place.
 D = Time resting spent in this place.
 E = Time spent auto-exploring this place.
 F = Levels seen in this place.
 G = Mean time per level.
                   A        B        C        D        E       F      G
               +--------+--------+--------+--------+--------+-----+--------+
         Total |   1228 |   1228 |      0 |    362 |    686 |   2 |  614.0 |
       Dungeon |   1228 |   1228 |      0 |    362 |    686 |   2 |  614.0 |
               +--------+--------+--------+--------+--------+-----+--------+

Top non-repeatable levels by time:
     D:1: 1204 daAuts
     D:2: 23 daAuts
